 Dungeon Crawl Stone Soup version 0.32-a0-576-g706899e69d (webtiles) character file.

Game seed: 13588199509576690296

102 Djon the Grasshopper (level 4, 0/38 HPs)
             Began as a Gnoll Warper on Mar 2, 2024.
             Slain by an orc
             ... wielding a +0 mace
              (5 damage)
             ... on level 3 of the Dungeon.
             The game lasted 00:02:33 (1694 turns).

Djon the Grasshopper (Gnoll Warper)                 Turns: 1694, Time: 00:02:33

Health: 0/38       AC:  4    Str: 12    XL:     4   Next: 78%
Magic:  11/11      EV: 12    Int: 13    God:
Gold:   25         SH:  0    Dex: 11    Spells: 11/13 levels left

rFire   . . .        m - +2 short sword (speed)
rCold   . . .        (no shield)
rNeg    . . .        b - +0 leather armour
rPois   .            h - +0 helmet
rElec   .            (no cloak)
rCorr   .            (no gloves)
SInv    .            (no boots)
Will    .....        (no amulet)
Stlth   +            (no ring)
HPRegen 0.26/turn    (no ring)
MPRegen 0.12/turn

%: no passive effects
@: no status effects
A: fangs 1, strong nose, distributed training
a: no special abilities


You were on level 3 of the Dungeon.
You visited 1 branch of the dungeon, and saw 3 of its levels.

You collected 58 gold pieces.
You spent 33 gold pieces at shops.

Inventory:

Hand Weapons
 a - a +0 falchion
 m - a +2 short sword of speed (weapon)
Missiles
 d - 7 darts of dispersal (quivered)
 e - 9 poisoned darts
 o - a throwing net
Armour
 b - a +0 leather armour (worn)
 h - a +0 helmet (worn)
Scrolls
 c - a scroll of blinking
 f - 2 scrolls of teleportation
 g - 2 scrolls of fog {unknown}
 k - 2 scrolls of identify {unknown}
 n - a scroll of enchant armour {unknown}
 p - a scroll of summoning {unknown}
Potions
 i - 2 potions of cancellation {unknown}
 j - a potion of heal wounds {unknown}
 l - a potion of haste {unknown}
 q - a potion of curing {unknown}


   Skills:
 + Level 4.7 Fighting
 + Level 1.3 Short Blades
 + Level 4.7 Long Blades
 + Level 1.3 Axes
 + Level 1.3 Maces & Flails
 + Level 1.3 Polearms
 + Level 1.3 Staves
 + Level 1.3 Ranged Weapons
 + Level 2.8 Throwing
 + Level 2.8 Armour
 + Level 4.7 Dodging
 + Level 1.3 Stealth
 + Level 1.3 Shields
 + Level 1.3 Unarmed Combat
 + Level 5.1 Spellcasting
 + Level 1.0 Conjurations
 + Level 1.0 Hexes
 + Level 1.0 Summonings
 + Level 1.0 Necromancy
 + Level 5.5 Translocations
 + Level 1.0 Fire Magic
 + Level 1.0 Ice Magic
 + Level 1.0 Air Magic
 + Level 1.0 Earth Magic
 + Level 1.0 Alchemy
 + Level 1.4 Invocations
 + Level 1.3 Evocations
 + Level 1.2 Shapeshifting


You had 11 spell levels left.
You knew the following spells:

 Your Spells              Type           Power      Damage    Failure   Level
a - Blink                 Tloc           34%        N/A       3%          2

Your spell library contained the following spells:

 Spells                   Type           Power      Damage    Failure   Level
 Lesser Beckoning         Tloc           34%        N/A       3%          2
 Teleport Other           Tloc           17%        N/A       8%          3
 Manifold Assault         Tloc           17%        N/A       24%         4
 Hailstorm                Conj/Ice       6%         3d5       41%         3
 Summon Ice Beast         Ice/Summ       6%         N/A       41%         3
 Vhi's Electric Charge    Tloc/Air       22%        N/A       52%         4
 Conjure Ball Lightning   Conj/Air       3%         3x3d6     100%        6
 Sculpt Simulacrum        Ice/Alch       3%         N/A       100%        6
 Discord                  Hex            3%         N/A       100%        8
 Disjunction              Tloc           8%         N/A       100%        8


Dungeon Overview and Level Annotations

Branches:
Dungeon (3/15)

Altars:
Elyvilon

Shops:
D:2 *


Innate Abilities, Weirdness & Mutations

You have very sharp teeth.
Your uncanny sense of smell can sniff out nearby items.
Your experience applies equally to all skills.


Message History

You are too injured to fight recklessly!
You are too injured to fight recklessly!
You are too injured to fight recklessly!
You are too injured to fight recklessly!
You are too injured to fight recklessly!
You are too injured to fight recklessly!
You are too injured to fight recklessly!
You are too injured to fight recklessly!
You are too injured to fight recklessly!
You are too injured to fight recklessly!
You are too injured to fight recklessly!
You are too injured to fight recklessly!
You are too injured to fight recklessly!
You are too injured to fight recklessly!
You are too injured to fight recklessly!
You are too injured to fight recklessly!
The orc throws a boomerang.
The boomerang barely misses you. The orc attacks as it pursues you!
The orc closely misses you.
You hit the orc.
You kill the orc!
The orc misses you. The orc hits you with a +0 mace!
Things that are here:
a +0 hand axe; an orc corpse The orc barely misses you.
The orc hits you but does no damage. The orc hits you with a +0 trident.
* * * LOW HITPOINT WARNING * * *
The orc hits you with a +0 mace.
* * * LOW HITPOINT WARNING * * *
The orc closely misses you.
You hit the orc.
The orc is heavily wounded.
The orc closely misses you. x2
You completely miss the orc.
The orc is heavily wounded.
The orc hits you from afar with a +0 trident.
* * * LOW HITPOINT WARNING * * *
You hit the orc.
The orc is severely wounded.
The orc hits you with a +0 mace.
You die...

#.##..............###...
#.#####..#......<## ##..
#........#........###...
#........#.........#.)))
##.#####.#........#...#.
#.##....##.#####.##..#.
#.##.##.##........_..)<
#.##o##.# .##.......###
#..).o@.# #.##.####
####.#### .. #.# #...#
.. ..# #..... ## #...###
#####


You could see 2 orcs.

Vanquished Creatures
  An orc priest (D:3)
  An orc wizard (D:3)
  A ribbon worm (D:3)
  3 orcs (D:3)
  7 bats
  An endoplasm (D:2)
  3 giant cockroaches
  5 goblins
  3 hobgoblins
  3 jackals (D:1)
  5 kobolds
  A ball python (D:1)
  2 frilled lizards
  6 rats
42 creatures vanquished.

Notes
Turn   | Place    | Note
-------+----------+-------------------------------------------
     0 | D:1      | Djon the Gnoll Warper began the quest for the Orb.
     0 | D:1      | Reached XP level 1. HP: 20/20 MP: 6/6
   253 | D:1      | Reached XP level 2. HP: 25/26 MP: 7/7
   256 | D:1      | Learned a level 2 spell: Blink
  1049 | D:1      | Reached skill level 5 in Spellcasting
  1049 | D:1      | Reached XP level 3. HP: 30/31 MP: 7/9
  1292 | D:2      | Found Valaseqe's General Store.
  1300 | D:2      | Bought a scroll of teleportation for 33 gold pieces
  1361 | D:2      | Reached skill level 1 in Invocations
  1518 | D:3      | Found a faded altar of an unknown god.
  1535 | D:3      | Reached skill level 1 in Short Blades
  1535 | D:3      | Reached skill level 1 in Axes
  1535 | D:3      | Reached skill level 1 in Maces & Flails
  1535 | D:3      | Reached skill level 1 in Polearms
  1535 | D:3      | Reached skill level 1 in Staves
  1535 | D:3      | Reached skill level 1 in Ranged Weapons
  1535 | D:3      | Reached skill level 1 in Stealth
  1535 | D:3      | Reached skill level 1 in Shields
  1535 | D:3      | Reached skill level 1 in Unarmed Combat
  1535 | D:3      | Reached skill level 1 in Evocations
  1535 | D:3      | Reached skill level 1 in Shapeshifting
  1535 | D:3      | Reached XP level 4. HP: 38/38 MP: 11/11
  1559 | D:3      | Reached skill level 1 in Conjurations
  1559 | D:3      | Reached skill level 1 in Hexes
  1559 | D:3      | Reached skill level 1 in Summonings
  1559 | D:3      | Reached skill level 1 in Necromancy
  1559 | D:3      | Reached skill level 1 in Fire Magic
  1559 | D:3      | Reached skill level 1 in Ice Magic
  1559 | D:3      | Reached skill level 1 in Air Magic
  1559 | D:3      | Reached skill level 1 in Earth Magic
  1559 | D:3      | Reached skill level 1 in Alchemy
  1622 | D:3      | Found a white marble altar of Elyvilon.
  1694 | D:3      | Slain by an orc

Illustrated notes

Levels and vault maps discovered:
D:1:      elethiomel_arrival_maze, layout_loops_corners
D:2:      layout_basic, serial_shops, shop
D:3:      layout_loops_cross, nicolae_sif_muna_little_library, elyvilon_altar_5,
          basic_ecumenical_altar, chequers_serial_rivers_marsh

Skill      XL: |  1  2  3  4 |
---------------+-------------+-----
Spellcasting   | 5 |  5.1
Invocations    | 1 |  1.4
Short Blades   | 1 |  1.3
Axes           | 1 |  1.3
Maces & Flails | 1 |  1.3
Polearms       | 1 |  1.3
Staves         | 1 |  1.3
Ranged Weapons | 1 |  1.3
Stealth        | 1 |  1.3
Shields        | 1 |  1.3
Unarmed Combat | 1 |  1.3
Evocations     | 1 |  1.3
Shapeshifting  | 1 |  1.2
Conjurations   | 1 |  1.0
Hexes          | 1 |  1.0
Summonings     | 1 |  1.0
Necromancy     | 1 |  1.0
Fire Magic     | 1 |  1.0
Ice Magic      | 1 |  1.0
Air Magic      | 1 |  1.0
Earth Magic    | 1 |  1.0
Alchemy        | 1 |  1.0
Fighting       | |  4.7
Long Blades    | |  4.7
Throwing       | |  2.8
Armour         | |  2.8
Dodging        | |  4.7
Translocations | |  5.5

Action                     |  1- 3 |  4- 6 || total
---------------------------+-------+-------++-------
  Melee: Falchion          |   104 |       ||   104
         Bite              |    13 |     5 ||    18
         Short sword       |    10 |    47 ||    57
 Armour: Leather armour    |    76 |    31 ||   107
  Dodge: Dodged            |    86 |    31 ||   117

Table legend: (Time is in decaauts)
 A = Elapsed time spent in this place.
 B = Non-inter-level travel time spent in this place.
 C = Inter-level travel time spent in this place.
 D = Time resting spent in this place.
 E = Time spent auto-exploring this place.
 F = Levels seen in this place.
 G = Mean time per level.
                   A        B        C        D        E       F      G
               +--------+--------+--------+--------+--------+-----+--------+
         Total |   1679 |   1639 |     40 |     75 |   1263 |   3 |  559.7 |
       Dungeon |   1679 |   1639 |     40 |     75 |   1263 |   3 |  559.7 |
               +--------+--------+--------+--------+--------+-----+--------+

Top non-repeatable levels by time:
     D:1: 1154 daAuts
     D:2: 368 daAuts
     D:3: 156 daAuts
